 Dungeon Crawl Stone Soup version 0.23.1-38-g628c18f423 (webtiles) character file.

Game seed: 5021928252401629199

156551 Freyura the Wrestler (level 17, -8/179 HPs)
             Began as a Troll Fighter on Mar 28, 2019.
             Was the Champion of Ru.
             Mangled by a nagaraja
             ... wielding a +0 spear
              (11 damage)
             ... on level 4 of the Snake Pit.
             The game lasted 02:24:53 (23377 turns).

Freyura the Wrestler (Troll Fighter)               Turns: 23377, Time: 02:24:56

Health: -8/179     AC: 13    Str: 31    XL:     17   Next: 10%
Magic:  24/25      EV:  9    Int: 12    God:    Ru [******]
Gold:   888        SH: 25    Dex: 27    Spells: 16/16 levels left

rFire    . . .     SeeInvis .     - Unarmed
rCold    + + .     Gourm    +   E - +1 large shield
rNeg     + + .     Faith    .   u - +3 troll leather armour {Snorg}
rPois    +         Spirit   .   B - -2 hat of the Alchemist {rElec rPois rF+ rC+ rN+ MR+ rMut rCorr}
rElec    +         Reflect  +   f - +1 cloak {rC+}
rCorr    +         Harm     .   (gloves unavailable)
rMut     +                      (boots unavailable)
MR       ++++.                  m - amulet of Qeilaito {Reflect rF- rN+ Dex+3 SH+3 Stlth+}
Stlth    ++++......             A - ring "Surphekae" {*Corrode MR+ AC+2 Int+4 Dex+5}
HPRegen  1.19/turn              v - ring "Impiul" {MR+ MP+9 Str+3 Int+4}
MPRegen  0.19/turn

@: agile, lethally poisoned (-8 -> -9), exhausted, constricted, drained
A: large, unfitting armour, claws 3, fast metabolism 3, gourmand, regeneration
1, shaggy fur 1, tough skin 3, inability to read while threatened, inability to
use devices, hated by all, inability to train dodging, no hexes magic, no ice
magic, no translocations magic
a: Draw Out Power, Power Leap, Apocalypse, Renounce Religion


You were on level 4 of the Snake Pit.
You worshipped Ru.
Ru was exalted by your worship.
You were not hungry.

You visited 6 branches of the dungeon, and saw 27 of its levels.
You also visited: Ice Cave.

You collected 3086 gold pieces.
You spent 2198 gold pieces at shops.

Inventory:

Armour
 f - a +1 cloak of cold resistance (worn)
 h - +0 fire dragon scales
 u - a +3 troll leather armour (worn) {Snorg}
 B - the -2 hat of the Alchemist (worn) {rElec rPois rF+ rC+ rN+ MR+ rMut rCorr}
   (You found it on level 7 of the Dungeon)

   It protects you from fire.
   It protects you from cold.
   It insulates you from electricity.
   It protects you from poison.
   It protects you from negative energy.
   It affects your resistance to hostile enchantments.
   It provides partial protection from all sources of acid and corrosion.
   It protects you from mutation.
 E - a +1 large shield (worn)
Jewellery
 b - the amulet "Cesoulos" {Reflect Str+3 SH+4}
   (You found it on level 6 of the Lair of Beasts)

   [amulet of reflection]

   It shields you and reflects attacks.
   It affects your strength (+3).
   It affects your SH (+4).
 g - a +5 ring of strength
 m - the amulet of Qeilaito (around neck) {Reflect rF- rN+ Dex+3 SH+3 Stlth+}
   (You bought it in a shop on level 2 of the Orcish Mines)

   [amulet of reflection]

   It shields you and reflects attacks.
   It affects your dexterity (+3).
   It makes you vulnerable to fire.
   It protects you from negative energy.
   It affects your SH (+3).
   It makes you more stealthy.
 v - the ring "Impiul" (right claw) {MR+ MP+9 Str+3 Int+4}
   (You found it on level 7 of the Dungeon)

   [ring of magical power]

   It affects your strength (+3).
   It affects your intelligence (+4).
   It affects your resistance to hostile enchantments.
   It affects your magic capacity (+9).
 x - the ring of Robustness {AC+8}
   (You bought it in a shop on level 2 of the Orcish Mines)

   [ring of protection]

   It affects your AC (+8).
 y - an uncursed ring of protection from cold
 A - the ring "Surphekae" (left claw) {*Corrode MR+ AC+2 Int+4 Dex+5}
   (You found it in an ice cave)

   [ring of protection]

   It affects your AC (+2).
   It affects your intelligence (+4).
   It affects your dexterity (+5).
   It affects your resistance to hostile enchantments.
   It may corrode you when you take damage.
 I - the amulet "Cemecw Wogh" {rPois rC+ Regen+ Str+7 Int+3}
   (You acquired it on level 13 of the Dungeon)

   [amulet of regeneration]

   It affects your strength (+7).
   It affects your intelligence (+3).
   It protects you from cold.
   It protects you from poison.
   It increases your rate of regeneration.
 K - the necklace of Bloodlust {*Rage +Rage MR++ Int-3 Slay+6 *Curse}
   (You took it off an efreet on level 13 of the Dungeon)

   [amulet of rage]

   It affects your intelligence (-3).
   It affects your accuracy and damage with ranged weapons and melee attacks
   (+6).
   It affects your resistance to hostile enchantments.
   It lets you go berserk.
   It may make you go berserk in combat.
   It curses itself when equipped.
Scrolls
 i - 7 scrolls of remove curse
 p - 2 scrolls of holy word
 q - 2 scrolls of fear
 s - 16 scrolls of teleportation
 t - a scroll of enchant weapon
 z - 3 scrolls of magic mapping
 L - 2 scrolls of fog
 N - 2 scrolls of amnesia
Potions
 a - 2 potions of haste
 c - 7 potions of might
 e - a potion of agility
 k - 9 potions of curing
 l - 2 potions of ambrosia
 n - 5 potions of mutation
 o - 2 potions of invisibility
 r - 2 potions of lignification
 w - 2 potions of berserk rage
 G - a potion of brilliance
 J - 3 potions of magic
 O - 3 potions of cancellation
Comestibles
 d - 33 rations


   Skills:
 + Level 13.8(12.9) Fighting
 + Level 12.0(11.1) Shields
 * Level 21.2(20.1) Unarmed Combat


You had 16 spell levels left.
You didn't know any spells.
Your spell library contained the following spells:

 Spells                   Type           Power        Failure   Level  Hunger
 Flame Tongue             Conj/Fire      #....        63%         1    ##.....
 Magic Dart               Conj           #...         63%         1    ##.....
 Shock                    Conj/Air       #...         63%         1    ##.....
 Sting                    Conj/Pois      #...         63%         1    ##.....
 Throw Flame              Conj/Fire      #.....       77%         2    ###....
 Conjure Flame            Conj/Fire      #.......     94%         3    ####...
 Mephitic Cloud           Conj/Pois/Air  #.......     94%         3    ####...
 Stone Arrow              Conj/Erth      #.....       94%         3    ####...
 Bolt of Draining         Conj/Necr      #.........   100%        5    ######.
 Bolt of Magma            Conj/Fire/Erth #.........   100%        5    ######.
 Irradiate                Conj/Tmut      #.........   100%        5    ######.
 Bolt of Fire             Conj/Fire      #.........   100%        6    #######
 Hydra Form               Tmut           #.........   100%        6    #######
 Statue Form              Tmut/Erth      #........    100%        6    #######
 Dragon Form              Tmut           #.........   100%        7    #######
 Summon Small Mammal      Summ           Unusable     N/A         1    N/A
 Blink                    Tloc           Unusable     N/A         2    N/A
 Call Imp                 Summ           Unusable     N/A         2    N/A
 Slow                     Hex            Unusable     N/A         2    N/A
 Call Canine Familiar     Summ           Unusable     N/A         3    N/A
 Summon Guardian Golem    Hex/Summ       Unusable     N/A         3    N/A
 Summon Ice Beast         Ice/Summ       Unusable     N/A         4    N/A
 Summon Lightning Spire   Summ/Air       Unusable     N/A         4    N/A

Dungeon Overview and Level Annotations

Branches:
Dungeon (13/15)            Temple (1/1) D:5            Lair (6/6) D:11
  Swamp (0/4) Lair:2        Snake (4/4) Lair:3        Slime (0/5) Lair:6
    Orc (2/2) D:12            Elf (1/3) Orc:2        Vaults (0/5) D:13

Altars:
Ashenzari
Cheibriados
Dithmenos
Elyvilon
Fedhas
Gozag
Hepliaklqana
Kikubaaqudgha
Makhleb
Nemelex Xobeh
Okawaru
Qazlal
Ru
Sif Muna
Trog
Uskayaw
Vehumet
Wu Jian
Xom
Yredelemnul
Zin
The Shining One
Jiyva

Shops:
D:4 :   D:7 %%*%   D:8 [   Orc:2 :=[   Snake:2 =}=   Snake:3 ?}   Snake:4 (

Annotations:
Lair:6 1 runed translucent door
Snake:2 2 transporters, Slacking101's ghost, adept MfWr


Innate Abilities, Weirdness & Mutations

You are too large for most types of armour.
You have claws for hands.
Your metabolism is lightning-fast.
You like to eat raw meat.
Your natural rate of healing is unusually fast.
You are covered in fur. (AC +1)
You have extremely tough skin. (AC +3)
You cannot read scrolls while threatened.
You cannot study or use magical devices.
You are hated by all.
You cannot train Dodging skill.
You cannot study or cast Hexes magic.
You cannot study or cast Ice magic.
You cannot study or cast Translocations magic.


Message History

The nagaraja is severely wounded.
You feel sick.
You hear a shout!
The salamander hits you but does no damage.
You block the salamander's attack. You block the naga warrior's attack.
You hear a shout! x3; You hear an angry hiss.
You barely miss the nagaraja.
The nagaraja is severely wounded.
You hear a shout!
You hear an angry hiss.
You hear a shout! x2
The nagaraja hits you with a +0 spear.
* * * LOW HITPOINT WARNING * * *
x2 The nagaraja constricts you.
You hear a shout!
You barely miss the nagaraja.
The nagaraja is severely wounded.
You hear a shout!
You block the salamander's attack. x2
You redirect the nagaraja's attack!
The nagaraja hits you with a +0 spear!
You die...

...............##
.8..∩..8.......#
...............#
......).......##
###..()(.....##NN.
#...†..)..##N...
#....))[.##..NN
#.......##...N
#....N@##..)#
#...NN##.).#
#...NN#.))#
#(..#.().#
#...#N'.†#
#%....#)).#
#.....##.))#
#......##)N.#
........ #....


You could see a naga warrior, a nagaraja, 2 salamanders, a naga mage and a naga.

Vanquished Creatures
  An Ice Fiend (IceCv)
  Jorgrun (Orc:2)
  A sphinx (D:13)
  Roxanne (Elf:1)
  2 nagarajas (Snake:4)
  Louise (Elf:1)
  Aizul (Snake:2)
  A stone giant (shapeshifter) (D:13)
  The ghost of P0WERM0DE the Cleaver, a journeyman DDFi of Ru (Lair:6)
  2 deep elf annihilators (Elf:1)
  An ettin (D:13)
  Snorg (Lair:4)
  A fire dragon (Lair:6)
  Josephine (D:13)
  Fannar (D:10)
  Harold (Orc:1)
  4 hydras
  5 naga warriors
  2 centaur warriors (D:13)
  A vault guard (D:13)
  6 anacondas
  9 two-headed ogres
  A deep troll earth mage (D:13)
  Sonja (Orc:2)
  4 orc high priests (Orc:2)
  9 shock serpents
  Nergalle (D:11)
  8 naga sharpshooters
  7 deep elf knights (Elf:1)
  2 salamander mystics (Snake:2)
  A fire crab (Lair:6)
  6 sea snakes (Snake:2)
  8 naga ritualists
  4 unseen horrors
  3 deep elf archers (Elf:1)
  A phantasmal warrior (D:13)
  Pikel (D:5)
  5 orc knights
  5 orc sorcerers (Orc:2)
  3 manticores
  9 mana vipers
  4 ugly things
  5 cyclopes
  31 deep elf magi
  6 salamanders
  Maurice (Orc:1)
  8 naga magi
  2 guardian serpents
  A black mamba (shapeshifter) (D:13)
  28 black mambas
  An ice statue (IceCv)
  6 spiny frogs
  2 molten gargoyles (Lair:6)
  2 gargoyles (D:10)
  A yaktaur (D:13)
  2 efreet (D:13)
  A kobold demonologist (D:13)
  2 rime drakes
  12 komodo dragons
  An anaconda simulacrum (IceCv)
  5 freezing wraiths (IceCv)
  6 ice devils (IceCv)
  6 trolls
  2 tyrant leeches (Lair:2)
  A meliai (D:13)
  A queen bee (shapeshifter) (D:13)
  A polar bear (Lair:4)
  A wolf spider simulacrum (IceCv)
  A dream sheep (Lair:6)
  19 blink frogs
  3 hippogriffs
  An air elemental (Elf:1)
  Sigmund (D:2)
  2 centaur simulacra
  4 wraiths
  2 dire elephant simulacra (IceCv)
  3 hungry ghosts
  10 wyverns
  3 water elementals
  A basilisk (Lair:5)
  Eustachio (D:5)
  34 yaks
  A fire elemental (Elf:1)
  A steam dragon (Lair:6)
  Grum (D:10)
  5 wargs
  4 swamp worms (Lair:2)
  3 harpy simulacra (IceCv)
  4 iron troll simulacra (IceCv)
  An acid dragon (D:7)
  36 nagas
  Duvessa (D:5)
  4 hydra simulacra (IceCv)
  5 hell hounds (Lair:6)
  8 porcupines
  9 water moccasins
  5 black bears
  6 sky beasts
  A swamp drake (D:12)
  31 orc warriors
  8 ice beasts
  A necrophage (D:11)
  An eye of draining (D:11)
  2 phantoms
  12 ogres
  17 wolves
  16 centaurs
  4 crocodiles
  A big kobold (D:7)
  20 bullfrogs
  2 earth elementals (Elf:1)
  A wyvern zombie (D:13)
  2 scorpions
  Dowan (D:5)
  A wyvern skeleton (D:13)
  2 killer bees
  6 wights
  7 electric eels
  2 howler monkeys
  8 crimson imps
  A centaur zombie (D:7)
  5 lava snakes (Lair:6)
  3 bullfrog zombies
  4 draconian simulacra (IceCv)
  A quasit (D:13)
  10 hounds
  A bullfrog skeleton (D:8)
  6 centaur skeletons
  20 orc priests
  6 jellies
  28 orc wizards
  Jessica (D:2)
  3 iguanas
  6 hell rats (Lair:3)
  14 worker ants
  2 wolf simulacra (IceCv)
  6 troll simulacra (IceCv)
  A hound zombie (D:11)
  A gnoll (D:7)
  3 ogre simulacra (IceCv)
  12 river rats (Lair:3)
  13 adders
  2 naga simulacra (IceCv)
  4 shadow imps
  5 white imps
  5 ufetubi
  8 oozes
  An adder zombie (D:8)
  2 adder skeletons (D:4)
  2 worms
  2 dart slugs
  4 leopard geckos
  85 orcs
  2 bats
  4 giant cockroaches
  3 goblins (D:1)
  3 hobgoblins
  9 jackals
  11 kobolds
  16 quokkas
  A ball python (D:3)
  A ball python skeleton (D:4)
  3 frilled lizards
  A giant cockroach zombie (D:5)
  A quokka skeleton (D:6)
  19 rats
  A fungus (Lair:4)
  4 plants
934 creatures vanquished.

Vanquished Creatures (others)
  A hydra (D:13)
  A naga sharpshooter (Snake:2)
  A warg (Orc:1)
  A harpy simulacrum (IceCv)
  2 nagas
  A porcupine (Lair:3)
  A slave (D:5)
  A scorpion (D:13)
  An orc wizard (Orc:2)
  A shadow imp (D:5)
  2 ufetubi (IceCv)
  5 orcs
  10 fungi
  8 plants
36 creatures vanquished.

Grand Total: 970 creatures vanquished

Notes
Turn   | Place    | Note
-------+----------+-------------------------------------------
     0 | D:1      | Freyura the Troll Fighter began the quest for the Orb.
     0 | D:1      | Reached XP level 1. HP: 22/22 MP: 0/0
   462 | D:1      | Reached XP level 2. HP: 29/29 MP: 1/1
   948 | D:2      | Reached skill level 3 in Unarmed Combat
   955 | D:2      | Found a radiant altar of Vehumet.
   972 | D:2      | Noticed Sigmund
   979 | D:2      | Killed Sigmund
   979 | D:2      | Reached skill level 4 in Unarmed Combat
   979 | D:2      | Reached XP level 3. HP: 29/37 MP: 2/2
   979 | D:2      | Reached XP level 4. HP: 35/45 MP: 3/3
   979 | D:2      | Reached XP level 5. HP: 42/53 MP: 4/4
  1007 | D:2      | Noticed Jessica
  1010 | D:2      | Killed Jessica
  1010 | D:2      | Reached skill level 5 in Unarmed Combat
  1429 | D:2      | Found a hazy altar of Hepliaklqana.
  1429 | D:2      | Found a blossoming altar of Fedhas.
  1434 | D:2      | Found a faded altar of an unknown god.
  1436 | D:2      | Found a snail-covered altar of Cheibriados.
  1437 | D:2      | Found a faded altar of an unknown god.
  1555 | D:3      | Found a basalt altar of Yredelemnul.
  1560 | D:3      | Found an opulent altar of Gozag.
  1799 | D:3      | Reached XP level 6. HP: 61/62 MP: 5/5
  2039 | D:4      | Found Neneluto's Book Emporium.
  2277 | D:4      | Reached skill level 6 in Unarmed Combat
  2591 | D:4      | Found a hide-covered altar of Uskayaw.
  2626 | D:4      | Reached XP level 7. HP: 66/70 MP: 6/6
  2682 | D:4      | Found a glowing golden altar of the Shining One.
  2830 | D:5      | Entered Level 5 of the Dungeon
  2838 | D:5      | Noticed Pikel
  2854 | D:5      | Killed Pikel
  2854 | D:5      | Reached skill level 5 in Fighting
  2854 | D:5      | Reached skill level 7 in Unarmed Combat
  2854 | D:5      | Reached XP level 8. HP: 63/80 MP: 7/7
  2861 | D:5      | Reached skill level 8 in Unarmed Combat
  2930 | D:5      | Found a stormy altar of Qazlal.
  3191 | D:5      | Noticed Eustachio
  3192 | D:5      | Found a staircase to the Ecumenical Temple.
  3198 | D:5      | Killed Eustachio
  3198 | D:5      | Reached skill level 9 in Unarmed Combat
  3215 | D:5      | Noticed Duvessa
  3218 | D:5      | Noticed Dowan
  3225 | D:5      | Killed Dowan
  3234 | D:5      | Killed Duvessa
  3243 | Temple   | Entered the Ecumenical Temple
  3901 | D:6      | Reached XP level 9. HP: 87/89 MP: 6/8
  4210 | D:6      | Reached skill level 10 in Unarmed Combat
  4468 | D:6      | Found a sacrificial altar of Ru.
  4469 | D:6      | Found a shattered altar of Ashenzari.
  4475 | D:6      | Became a worshipper of Ru the Awakened
  4801 | D:7      | Found Naapumaote's Food Emporium.
  4967 | D:7      | Found a blossoming altar of Fedhas.
  4987 | D:7      | Noticed a two-headed ogre
  4997 | D:7      | Killed a two-headed ogre
  4997 | D:7      | Reached skill level 11 in Unarmed Combat
  5025 | D:7      | Killed an unseen horror
  5025 | D:7      | Reached XP level 10. HP: 18/102 MP: 1/9
  5176 | D:7      | Found the -2 hat of the Alchemist {rElec rPois rF+ rC+ rN+
                  | MR+ rMut rCorr}
  5176 | D:7      | Got a scintillating pewter ring
  5359 | D:7      | Identified the Incunabulum of the Earthen Blaze
  5366 | D:7      | Reached skill level 12 in Unarmed Combat
  5382 | D:7      | Found Wugis's Assorted Antiques.
  5517 | D:7      | Found Xaumaefa's Food Shop.
  5897 | D:7      | Found Zasyod's Food Shop.
  6045 | D:8      | Gained mutation: You cannot read scrolls while threatened.
                  | [Ru sacrifice]
  6045 | D:8      | Reached * piety under Ru
  6172 | D:8      | Identified the ring "Impiul" {MR+ MP+9 Str+3 Int+4} (You
                  | found it on level 7 of the Dungeon)
  6575 | D:8      | Found Tapa's Armour Boutique.
  6955 | D:9      | Reached skill level 13 in Unarmed Combat
  7226 | D:9      | Reached XP level 11. HP: 110/113 MP: 10/10
  7506 | D:10     | Entered Level 10 of the Dungeon
  7627 | D:10     | Gained mutation: You cannot study or cast Ice magic. [Ru
                  | sacrifice]
  7627 | D:10     | Gained mutation: You cannot study or cast Hexes magic. [Ru
                  | sacrifice]
  7627 | D:10     | Gained mutation: You cannot study or cast Translocations
                  | magic. [Ru sacrifice]
  7627 | D:10     | Reached ** piety under Ru
  7841 | D:10     | Noticed Fannar
  7861 | D:10     | Killed Fannar
  7908 | D:10     | Noticed Grum
  7921 | D:10     | Killed Grum
  8315 | D:11     | Noticed a green ugly thing
  8328 | D:11     | Killed a green ugly thing
  8346 | D:11     | Noticed a two-headed ogre
  8349 | D:11     | Noticed Nergalle
  8354 | D:11     | Killed a two-headed ogre
  8354 | D:11     | Reached skill level 14 in Unarmed Combat
  8363 | D:11     | Noticed a spectral orc warlord
  8363 | D:11     | Killed Nergalle
  8363 | D:11     | Reached skill level 5 in Shields
  8469 | D:11     | Noticed a white ugly thing
  8477 | D:11     | Killed a white ugly thing
  8632 | D:11     | Found an ornate altar of the Wu Jian Council.
  8695 | D:11     | Found a staircase to the Lair.
  8821 | D:11     | Noticed a two-headed ogre
  8829 | D:11     | Killed a two-headed ogre
  8980 | D:11     | Noticed an unseen horror
  8989 | D:11     | Killed an unseen horror
  9020 | D:12     | Reached XP level 12. HP: 84/124 MP: 11/11
  9109 | D:12     | Gained mutation: You cannot study or use magical devices.
                  | [Ru sacrifice]
  9109 | D:12     | Reached *** piety under Ru
  9109 | D:12     | Reached **** piety under Ru
  9109 | D:12     | Reached ***** piety under Ru
  9237 | D:12     | Reached skill level 15 in Unarmed Combat
  9648 | D:12     | Found a staircase to the Orcish Mines.
  9744 | D:13     | Noticed a centaur warrior
  9748 | D:13     | Killed a centaur warrior
  9770 | D:13     | Noticed a seven-headed hydra
  9794 | D:13     | Killed a seven-headed hydra
  9794 | D:13     | Reached skill level 10 in Fighting
  9901 | D:13     | Noticed a two-headed ogre
  9908 | D:13     | Killed a two-headed ogre
  9930 | D:13     | Identified a scroll of acquirement
  9931 | D:13     | Got a scorched zirconium amulet
  9933 | D:13     | Identified the amulet "Cemecw Wogh" {rPois rC+ Regen+ Str+7
                  | Int+3} (You acquired it on level 13 of the Dungeon)
 10089 | D:13     | Noticed a centaur warrior
 10107 | D:13     | Killed a centaur warrior
 10207 | D:13     | Noticed a two-headed ogre
 10211 | D:13     | Killed a two-headed ogre
 10249 | D:13     | Noticed a two-headed ogre
 10253 | D:13     | Reached skill level 16 in Unarmed Combat
 10258 | D:13     | Killed a two-headed ogre
 10349 | D:13     | Found a gate to the Vaults.
 10349 | D:13     | Noticed a vault guard
 10360 | D:13     | Killed a vault guard
 10360 | D:13     | Reached XP level 13. HP: 98/135 MP: 12/12
 10492 | D:13     | Noticed Josephine
 10506 | D:13     | Killed Josephine
 10545 | D:13     | Gained mutation: You cannot train Dodging skill. [Ru
                  | sacrifice]
 10628 | D:13     | Noticed an ettin
 10635 | D:13     | Killed an ettin
 10680 | D:13     | Noticed a stone giant
 10680 | D:13     | an iron troll changed into a stone giant
 10684 | D:13     | Killed a stone giant
 10793 | D:13     | Noticed a sphinx
 10807 | D:13     | Killed a sphinx
 11114 | Lair:1   | Entered Level 1 of the Lair of Beasts
 11173 | Lair:1   | Reached skill level 17 in Unarmed Combat
 11262 | Lair:1   | Found a radiant altar of Vehumet.
 11986 | Lair:2   | Gained mutation: You are hated by all. [Ru sacrifice]
 11986 | Lair:2   | Reached ****** piety under Ru
 12364 | Lair:2   | You fall through a shaft for 2 floors!
 12550 | Lair:2   | Found a staircase to the Swamp.
 12558 | Lair:2   | Reached XP level 14. HP: 86/146 MP: 13/13
 12872 | Lair:3   | Found a staircase to the Snake Pit.
 13978 | Lair:4   | Noticed Snorg
 13988 | Lair:4   | Killed Snorg
 15301 | Lair:6   | Entered Level 6 of the Lair of Beasts
 15460 | Lair:6   | Found a runed translucent door.
 15460 | Lair:6   | Noticed P0WERM0DE's ghost (journeyman DDFi)
 15470 | Lair:6   | Reached skill level 18 in Unarmed Combat
 15516 | Lair:6   | Killed P0WERM0DE's ghost
 15989 | Lair:6   | Found a large runed translucent door.
 16117 | Lair:6   | Found a large runed translucent door.
 16441 | Lair:6   | Found a viscous altar of Jiyva.
 16441 | Lair:6   | Noticed an acid blob
 16442 | Lair:6   | Found a runed translucent door.
 16442 | Lair:6   | Noticed an acid blob
 16443 | Lair:6   | Found a staircase to the Slime Pits.
 16719 | Lair:6   | Got a faintly glowing platinum amulet
 16742 | Lair:6   | Identified the amulet "Cesoulos" {Reflect Str+3 SH+4} (You
                  | found it on level 6 of the Lair of Beasts)
 16962 | Orc:1    | Entered Level 1 of the Orcish Mines
 16962 | Orc:1    | Noticed Harold
 16976 | Orc:1    | Noticed Maurice
 16983 | Orc:1    | Killed Harold
 16991 | Orc:1    | Killed Maurice
 17208 | Orc:2    | Entered Level 2 of the Orcish Mines
 17208 | Orc:2    | Noticed Sonja
 17209 | Orc:2    | Killed Sonja
 17518 | Orc:2    | Noticed Jorgrun
 17535 | Orc:2    | Killed Jorgrun
 17631 | Orc:2    | Found a staircase to the Elven Halls.
 18123 | Orc:2    | Found Ofuy's Gadget Shoppe.
 18137 | Orc:2    | Reached XP level 15. HP: 99/157 MP: 14/14
 18174 | Orc:2    | Reached skill level 10 in Shields
 18213 | Orc:2    | HP: 7/157 [orc knight/+1 battleaxe (32)]
 18423 | Orc:2    | Found Mob Enaynt's Armour Boutique.
 18428 | Orc:2    | Found Xicepueq's Jewellery Boutique.
 18430 | Orc:2    | Found Ziodiminn's Book Shoppe.
 18436 | Orc:2    | Bought the amulet of Qeilaito {Reflect rF- rN+ Dex+3 SH+3
                  | Stlth+} for 406 gold pieces
 18612 | Orc:2    | Bought the ring of Robustness {AC+8} for 1792 gold pieces
 18612 | Orc:2    | Found the ring of Robustness {AC+8}
 18626 | Orc:2    | Upgraded the game from 0.23.1-37-gaa34b87b72 to
                  | 0.23.1-38-g628c18f423
 18685 | Elf:1    | Entered Level 1 of the Elven Halls
 18698 | Elf:1    | Reached skill level 19 in Unarmed Combat
 19091 | Elf:1    | Noticed Roxanne
 19109 | Elf:1    | Killed Roxanne
 19149 | Elf:1    | Noticed Louise
 19176 | Elf:1    | Killed Louise
 19288 | Elf:1    | Found a frozen archway.
 19296 | IceCv    | Entered an ice cave
 19660 | IceCv    | Noticed an Ice Fiend
 19695 | IceCv    | Killed an Ice Fiend
 19856 | IceCv    | Got a slimy ivory ring
 19858 | IceCv    | Got a crude hat
 19895 | IceCv    | Identified the cursed -6 hat of Ajol {rN+} (You found it in
                  | an ice cave)
 19898 | IceCv    | Identified the ring "Surphekae" {*Corrode MR+ AC+2 Int+4
                  | Dex+5} (You found it in an ice cave)
 20187 | Elf:1    | Identified the Almanac of Conjuration
 20549 | Snake:1  | Entered Level 1 of the Snake Pit
 20567 | Snake:1  | Reached XP level 16. HP: 161/167 MP: 15/15
 20609 | Snake:1  | Reached skill level 20 in Unarmed Combat
 20863 | Snake:1  | Found a shadowy altar of Dithmenos.
 21086 | Snake:2  | Noticed Slacking101's ghost (adept MfWr)
 21121 | Snake:2  | Found a transporter.
 21121 | Snake:2  | Identified the cursed +3 battleaxe of Precise Incision
                  | {antimagic, +Inv rPois rC+}
 21126 | Snake:2  | Found a bloodstained altar of Trog.
 21132 | Snake:2  | You fall through a shaft!
 21305 | Snake:2  | Found a transporter.
 21321 | Snake:2  | Identified the cursed +3 war axe of Hifry {drain, Str+3
                  | Dex-4}
 21673 | Snake:2  | Found Jasinir's Gadget Shop.
 21674 | Snake:2  | Found Xepp's Jewellery Shoppe.
 21674 | Snake:2  | Found Caymix's Jewellery Shoppe.
 21803 | Snake:2  | Noticed Aizul
 21820 | Snake:2  | Killed Aizul
 22982 | Snake:3  | Found Lunel's Magic Scroll Emporium.
 22990 | Snake:3  | Found Tutyom's Gadget Shoppe.
 23230 | Snake:4  | Entered Level 4 of the Snake Pit
 23267 | Snake:4  | Found Botepefi's Weapon Boutique.
 23281 | Snake:4  | Reached skill level 21 in Unarmed Combat
 23328 | Snake:4  | Reached XP level 17. HP: 123/179 MP: 16/16
 23374 | Snake:4  | HP: 3/179 [nagaraja/+0 spear (6)]
 23377 | Snake:4  | Mangled by a nagaraja

Skill      XL: |  1  2  3  4  5  6  7  8  9 10 11 12 13 14 15 16 17 |
---------------+----------------------------------------------------+-----
Unarmed Combat | 4 5 6 7 9 11 13 14 16 17 18 19 21 | 21.2
Fighting       | 3 4 5 6 7 8 9 10 11 12 13 | 13.8
Shields        | 3 5 7 8 9 11 12 | 12.0
Dodging        | 0 |  0.0

Action                   |  1- 3 |  4- 6 |  7- 9 | 10-12 | 13-15 | 16-18 || total
-------------------------+-------+-------+-------+-------+-------+-------++-------
Melee: Unarmed           |    63 |   132 |   214 |   708 |  1144 |   411 ||  2672
Invok: Sacrifice Words   |       |       |       |     1 |       |       ||     1
       Sacrifice Arcana  |       |       |       |     1 |       |       ||     1
       Apocalypse        |       |       |       |     1 |     7 |     3 ||    11
       Power Leap        |       |       |       |     1 |       |       ||     1
       Sacrifice Artific |       |       |       |     1 |       |       ||     1
       Sacrifice Love    |       |       |       |       |     1 |       ||     1
       Sacrifice Nimblen |       |       |       |       |     1 |       ||     1
       Draw Out Power    |       |       |       |       |       |     1 ||     1
  Use: Scroll            |       |     6 |     7 |     9 |    13 |     1 ||    36
       Potion            |       |       |       |     3 |     4 |     2 ||     9
 Stab: Sleeping          |       |     1 |       |       |       |     7 ||     8
       Distracted        |       |       |       |     2 |     9 |     1 ||    12
       Paralysed         |       |       |       |       |    11 |    16 ||    27
       Invisible         |       |       |       |       |     9 |     8 ||    17
  Eat: Chunk             |     8 |    21 |    22 |    53 |    80 |    23 ||   207
       Ration            |       |       |       |       |     2 |     1 ||     3
Armor: Robe              |    20 |    15 |       |       |       |       ||    35
       Fire dragon scale |       |    32 |       |   194 |    81 |       ||   307
       Acid dragon scale |       |       |    59 |     2 |       |       ||    61
       Troll leather arm |       |       |       |       |    79 |    49 ||   128
Dodge: Dodged            |    18 |    15 |    35 |   104 |    85 |    35 ||   292
Block: Shield            |    26 |    52 |    97 |    71 |       |       ||   246
       Large shield      |       |       |       |   479 |   786 |   387 ||  1652
       Reflection        |       |       |       |       |    21 |    55 ||    76
